 Seeded DCSS version 0.30-a0-691-g754fce4c43 (webtiles) character file.

Game seed: 6231795844361591118 (custom seed)

60 Juicyj the Grave Robber (level 3, 0/24 HPs)
             Began as a Vampire Necromancer on Jan 19, 2023.
             Slain by Natasha (5 damage)
             ... on level 2 of the Dungeon.
             The game lasted 00:05:24 (2640 turns).

Juicyj the Grave Robber (Vampire Necromancer)       Turns: 2640, Time: 00:05:24

Health: 0/24       AC:  3    Str:  5 (7)  XL:     3   Next: 80%
Magic:  4/6        EV: 12    Int: 17 (19) God:
Gold:   85         SH:  0    Dex: 12 (14) Spells: 2/7 levels left

rFire   . . .      SeeInvis +    b - +2 short sword (flame)
rCold   . . .      Faith    .    (no shield)
rNeg    . . .      Spirit   .    a - +1 robe
rPois   .          Reflect  .    (no helmet)
rElec   .          Harm     .    (no cloak)
rCorr   .          Rampage  .    (no gloves)
Will    .....      Clarity  +    (no boots)
Stlth   ++                       (no amulet)
HPRegen 0.44/turn                (no ring)
MPRegen 0.10/turn                (no ring)

@: weak-willed, healing quickly, slowed, very slow
A: alive, fangs 3, see invisible, vampiric 2, clarity, robust 1, [frail 1]
a: Exsanguinate


You were on level 2 of the Dungeon.
You visited 1 branch of the dungeon, and saw 2 of its levels.

You collected 85 gold pieces.

Inventory:

Hand Weapons
 b - a +2 short sword of flaming (weapon)
Armour
 a - a +1 robe (worn)
Jewellery
 e - a ring of willpower
 i - a +6 ring of strength
Potions
 f - a potion of haste {unknown}
 g - a potion of ambrosia {unknown}
 h - 2 potions of flight {unknown}


   Skills:
 * Level 1.0 Short Blades
 + Level 2.9 Dodging
 + Level 3.9 Stealth
 + Level 2.5 Spellcasting
 + Level 4.8 Necromancy


You had 2 spell levels left.
You knew the following spells:

 Your Spells              Type           Power      Damage    Failure   Level
a - Necrotise             Necr           72%        1d7       2%          1
b - Vampiric Draining     Necr           18%        2d7       8%          3
c - Shock                 Conj/Air       8%         1d3       19%         1

Your spell library contained the following spells:

 Spells                   Type           Power      Damage    Failure   Level
 Animate Dead             Necr           18%        N/A       26%         4
 Swiftness                Air            2%         N/A       50%         3
 Agony                    Necr           18%        N/A       56%         5
 Airstrike                Air            1%         2d(1-17)  88%         4


Dungeon Overview and Level Annotations

Branches:
Dungeon (2/15)

Altars:

Annotations:
D:2 Natasha


Innate Abilities, Weirdness & Mutations

Your natural rate of healing is accelerated.
You have razor-sharp teeth.
You have supernaturally acute eyesight. (SInv)
You are afflicted with vampirism and can become a bat while bloodless.
You possess an exceptional clarity of mind.
You are robust. (+10% HP)
[You are frail. (-10% HP)]


Message History

Natasha is moderately wounded.
Natasha claws you.
You miss Natasha.
Natasha is moderately wounded.
Natasha stares at you and mumbles some strange words.
You feel yourself slow down.
You barely miss Natasha.
Natasha is moderately wounded.
The crimson imp blinks!
Natasha growls.
Natasha misses you. The crimson imp puffs mist at you.
You hit Natasha but do no damage.
Natasha is moderately wounded.
Natasha claws you. The crimson imp spits at you. Natasha casts a spell at you.
The magic dart hits you.
* * * LOW HITPOINT WARNING * * *
It was a potion of mutation.
You feel extremely strange.
You feel robust.
Your thoughts seem clearer.
Natasha stares at you and mumbles some strange words.
You resist with significant effort.
You hit Natasha. You burn Natasha.
Natasha is moderately wounded.
Natasha howls an incantation.
Natasha's front paws start to glow.
Natasha barely misses you.
You closely miss Natasha.
Natasha is moderately wounded.
Natasha casts a spell at you. The magic dart hits you.
* * * LOW HITPOINT WARNING * * *
Natasha claws you.
* * * LOW HITPOINT WARNING * * *
You hit Natasha. You burn Natasha.
Natasha is heavily wounded.
The crimson imp disappears in a puff of smoke!
Natasha claws you.
You die...

#.♣ 8Z ## ######### #.♣ Z). .#
##.......# #♣♣PZ.P ♣# .######
#..#####♣♣♣♣♣PPZ.. ♣. ......#
#..# ♣♣PPPP.h.PP♣♣# ......# #..##
#♣..)..PP♣ ♣♣.. ..##..# ##...#
#Z....P♣♣♣ #.## ......#
#..#.###Z.♣♣♣♣♣ #.## #.##.##
#..(.@h5ZZ# #.# #.## #.##.#
#.###########'## #.## .....# #.#
##...## #.# #.#### #.###
##..[..###.## ..#
####.#.######.......##...
..#######.........##.........####
...................'.........'...
..#######.........##.........####
..# #.........###.......## #


You could see a spectral adder, Natasha (weak-willed), a crimson imp (summoned)
and 2 ball python zombies.

Vanquished Creatures
  A worm (D:2)
  A dart slug (D:2)
  A bat (D:1)
  5 endoplasms
  3 giant cockroaches
  3 goblins (D:1)
  6 hobgoblins
  6 jackals (D:1)
  3 quokkas (D:1)
  3 ball pythons
  A frilled lizard (D:2)
  4 kobolds
  10 rats
47 creatures vanquished.

Vanquished Creatures (collateral kills)
  A frilled lizard (D:1)
  A rat (D:1)
2 creatures vanquished.

Vanquished Creatures (others)
  13 withered plants (D:2)
13 creatures vanquished.

Grand Total: 62 creatures vanquished

Notes
Turn   | Place    | Note
-------+----------+-------------------------------------------
     0 | D:1      | Juicyj the Vampire Necromancer began the quest for the Orb.
     0 | D:1      | Reached XP level 1. HP: 13/13 MP: 3/3
   184 | D:1      | Reached XP level 2. HP: 19/19 MP: 0/5
   832 | D:1      | Gained mutation: You are afflicted with vampirism and can
                  | become a bat while bloodless. [Vampire growth]
   832 | D:1      | Reached XP level 3. HP: 17/24 MP: 3/6
  1786 | D:2      | Learned a level 3 spell: Vampiric Draining
  2386 | D:2      | Reached skill level 1 in Short Blades
  2608 | D:2      | Noticed Natasha
  2627 | D:2      | Learned a level 1 spell: Shock
  2637 | D:2      | Gained mutation: You are robust. (+10% HP) [potion of
                  | mutation]
  2637 | D:2      | Gained mutation: You possess an exceptional clarity of
                  | mind. [potion of mutation]
  2640 | D:2      | Slain by Natasha

Illustrated notes

Levels and vault maps discovered:
D:1:      kennysheep_arrival_seaside, layout_loops_ring,
          chequers_serial_rivers_large_b
D:2:      layout_loops_corners, dilly_guarded_unrand_morg

Skill      XL: |  1  2  3 |
---------------+----------+-----
Short Blades   | 1 |  1.0
Dodging        | |  2.9
Stealth        | |  3.9
Spellcasting   | |  2.5
Necromancy     | |  4.8

Action                   || total
-------------------------++-------
Melee: Unarmed           ||     4
       Short sword       ||    19
       Bite              ||     3
       Punch             ||     1
 Cast: Necrotise         ||    87
       Shock             ||     3
 Abil: Bat Form          ||     1
       Exsanguinate      ||     1
       Revivify          ||     1
  Use: Potion            ||     2
       Scroll            ||     2
Armor: Robe              ||     3
Dodge: Dodged            ||    17

Table legend: (Time is in decaauts)
 A = Elapsed time spent in this place.
 B = Non-inter-level travel time spent in this place.
 C = Inter-level travel time spent in this place.
 D = Time resting spent in this place.
 E = Time spent auto-exploring this place.
 F = Levels seen in this place.
 G = Mean time per level.
                   A        B        C        D        E       F      G
               +--------+--------+--------+--------+--------+-----+--------+
         Total |   2614 |   2459 |    155 |      0 |   2084 |   2 | 1307.0 |
       Dungeon |   2614 |   2459 |    155 |      0 |   2084 |   2 | 1307.0 |
               +--------+--------+--------+--------+--------+-----+--------+

Top non-repeatable levels by time:
     D:1: 1603 daAuts
     D:2: 1011 daAuts
